 Dungeon Crawl Stone Soup version 0.16-a0-3873-g452e4d5 (webtiles) character file.

1813 Charly the Chopper (level 8, -1/58 HPs)
             Began as a Demonspawn Skald on Feb 1, 2015.
             Was a Follower of Ashenzari.
             Killed from afar by Erolcha (6 damage)
             ... with a sting
             ... on level 8 of the Dungeon.
             The game lasted 00:56:26 (3646 turns).

Charly the Chopper (Demonspawn Skald)               Turns: 3646, Time: 00:56:27

Health: -1/58      AC:  7    Str: 14      XL:     8   Next: 84%
Magic:  13/13      EV: 11    Int: 16      God:    Ashenzari [*.....]
Gold:   301        SH:  0    Dex: 13 (14) Spells: 4 memorised, 2 levels left

rFire  + . .     SeeInvis .     a - +2 war axe (flame) (curse)
rCold  . . .     Clarity  .     n - +0 leather armour
rNeg   . . .     SustAb   .     (no shield)
rPois  .         Gourm    .     y - +0 helmet
rElec  .         Spirit   .     (no cloak)
rCorr  .         Warding  .     (no gloves)
rMut   .         Stasis   .     (no boots)
MR     ++...                    (no amulet)
Stlth  +.........               s - ring "Fesuh" {MR+ Int+3} (curse)
                                f - ring of protection from magic (curse)

@: lethally poisoned, very slightly contaminated, hasted (expiring), very quick,
very resistant to hostile enchantments, very unstealthy
A: talons 1, slimy green scales 2, demonic guardian 1, fire resistance 1, flame
cloud immunity
a: Renounce Religion


You were on level 8 of the Dungeon.
You worshipped Ashenzari.
Ashenzari was aware of your devotion.
You were near starving.

You visited 2 branches of the dungeon, and saw 9 of its levels.

You collected 301 gold pieces.

Inventory:

Hand weapons
 a - a cursed +2 war axe of flaming (weapon)
 b - a +1 hunting sling of freezing
Missiles
 o - 11 stones (quivered)
 x - 16 sling bullets of frost
 A - a throwing net
Armour
 n - a +0 leather armour (worn)
 y - a +0 helmet (worn)
Jewellery
 f - a cursed ring of protection from magic (left hand)
 s - the cursed ring "Fesuh" (right hand) {MR+ Int+3}
   (You found it on level 4 of the Dungeon)

   [ring of protection from magic]

   It affects your intelligence (+3).
   It affects your resistance to hostile enchantments.
   It has a curse placed upon it.
Magical devices
 q - a wand of lightning (0)
 C - a wand of digging (13)
Scrolls
 e - a scroll of random uselessness {unknown}
 i - a scroll of silence {unknown}
 j - a scroll of remove curse
 k - a scroll of fog {unknown}
 m - a scroll of enchant armour {unknown}
 z - a scroll of summoning {unknown}
 E - a scroll of immolation {unknown}
Potions
 h - a potion of poison {unknown}
 p - 2 potions of restore abilities
 r - a potion of agility {unknown}
 t - a potion of invisibility {unknown}
 v - a potion of magic {unknown}
 D - a potion of lignification {unknown}
 F - a potion of heal wounds {unknown}
Books
 c - a book of Battle

   Spells                             Type                      Level
   a - Infusion                       Charms                       1
   b - Shroud of Golubria             Charms/Translocation         2
   c - Song of Slaying                Charms                       2
   d - Spectral Weapon                Hexes/Charms                 3
   e - Regeneration                   Charms/Necromancy            3
Comestibles
 d - 6 bread rations
 g - 4 meat rations
 B - 3 beef jerkies


   Skills:
 + Level 3.2 Fighting
 * Level 7.0 Axes
 - Level 0.8 Armour
 - Level 0.8 Dodging
 + Level 2.1 Spellcasting
 - Level 4.0 Hexes
 - Level 6.0 Charms
 - Level 4.0 Necromancy


You had 2 spell levels left.
You knew the following spells:

 Your Spells              Type           Power        Failure   Level  Hunger
g - Shroud of Golubria    Chrm/Tloc      ##........   12%         2    ###....
i - Infusion              Chrm           ###...       1%          1    #......
r - Regeneration          Chrm/Necr      ###.......   12%         3    ###....
w - Spectral Weapon       Hex/Chrm       ###.....     12%         3    ###....


Dungeon Overview and Level Annotations

Branches:
Dungeon (8/15)             Temple (1/1) D:5
   Lair: D:8-11

Altars:
Ashenzari
Dithmenos
Fedhas
Gozag
Kikubaaqudgha
Makhleb
Nemelex Xobeh
Okawaru
Ru
Sif Muna
Trog
Vehumet
Xom
Yredelemnul
Zin
The Shining One

Annotations:
D:3 Sigmund
D:7 Joseph, Prince Ribbit
D:8 Erolcha


Innate Abilities, Weirdness & Mutations

You have sharp toenails.
You are mostly covered in slimy green scales (AC +3).
A weak demonic guardian rushes to your aid.
Your flesh is heat resistant.
You are immune to clouds of flame.


Message History

Press: ? - help, v - describe, . - travel, g - get item A +0 short sword.
There is something else lying underneath.
The floor.
Unknown command.
You hit the giant frog skeleton. You burn the giant frog skeleton.
You claw the giant frog skeleton, but do no damage.
The giant frog skeleton hits you.
* * * LOW HITPOINT WARNING * * *
You barely miss the giant frog skeleton.
The giant frog skeleton barely misses you.
You see here a stone.
Your surroundings suddenly seem different.
Your extra speed is starting to run out.
As you open the door, it creaks loudly!
There is an open door here.
Erolcha casts a spell at you. The sting hits you!
You are poisoned.
You die...

.#.#.#.#.#.#.#.#.............#
#.#.#.#.#.#.#>#+...†########.#
.#.#.#.#.#.#.#.#....###### #.#
#.#.#.#.#.#.#.#..........# #.#
.#.#.#.#.#.#.#.#.##......# #B#
#.#.#.#.#.#.#+#+###)!....###.#
.#.#.#.#.#.#.....5...........#
#.#.#.#.#.#........(.....#####
.#.#.#.#.#.#....@........#
#.#.#.#.#.#.#+#'###......#
.#.#<#.#.#.#.#.#.#####+###
#.#.#.#.#.#.#.#.## #.#
.#.#.#.#.#..O..#.# #.#
#.#.#[#.#.#...#.## #.#
.#.#.#.#.#'...'#.# #.#
#.#.#.#.#.#...#.## #.#
.#.#.#.#.#.....#.#####'####


You could see Erolcha and a friendly crimson imp.

Vanquished Creatures
  A deep elf mage (D:8)
  An orc warrior (D:7)
  A centaur (D:6)
  A sky beast (D:7)
  An ogre (D:7)
  2 phantoms (D:8)
  3 giant frogs
  2 scorpions
  2 crimson imps (D:8)
  A centaur zombie (D:8)
  A giant frog skeleton (D:7)
  4 orc priests
  A jelly (D:7)
  3 hounds
  4 orc wizards
  2 quasits
  3 worker ants
  Natasha (twice) (D:4)
  Ijyb (D:2)
  A hound zombie (D:5)
  2 shadow imps
  9 adders
  A gnoll (D:6)
  2 giant mites
  2 worms
  An adder zombie (D:7)
  21 orcs
  A bat zombie (D:7)
  5 giant cockroaches
  12 goblins
  6 hobgoblins
  16 jackals
  17 kobolds
  An ooze (D:5)
  3 ball pythons
  7 bats
  2 giant geckos (D:5)
  A giant newt (D:1)
  A giant spore (D:6)
  14 rats
  3 ballistomycetes (D:6)
164 creatures vanquished.

Vanquished Creatures (others)
  A spectral weapon (D:7)
  2 quasits (D:8)
  3 crimson imps
  An iron imp (D:8)
  2 gnolls (D:6)
  2 ufetubi (D:8)
11 creatures vanquished.

Grand Total: 175 creatures vanquished

Notes
Turn   | Place    | Note
--------------------------------------------------------------
     0 | D:1      | Charly, the Demonspawn Skald, began the quest for the Orb.
     0 | D:1      | Reached XP level 1. HP: 16/16 MP: 3/3
   194 | D:2      | Reached skill level 3 in Charms
   194 | D:2      | Gained mutation: You are partially covered in slimy green scales (AC +2). [demonic ancestry]
   194 | D:2      | Reached XP level 2. HP: 11/22 MP: 0/4
   268 | D:1      | Learned a level 2 spell: Shroud of Golubria
   514 | D:2      | Reached XP level 3. HP: 9/27 MP: 1/6
   588 | D:2      | Learned a level 3 spell: Spectral Weapon
  1014 | D:2      | Noticed Ijyb
  1032 | D:2      | Killed Ijyb
  1080 | D:3      | Gained mutation: Your flesh is heat resistant. [demonic ancestry]
  1080 | D:3      | Reached XP level 4. HP: 17/33 MP: 1/7
  1174 | D:3      | Reached skill level 1 in Hexes
  1460 | D:3      | Reached skill level 4 in Charms
  1485 | D:3      | Found a basalt altar of Yredelemnul.
  1486 | D:3      | Noticed Sigmund
  1501 | D:4      | Got a shimmering tin ring
  1502 | D:4      | Identified the ring "Fesuh" {MR+ Int+3} (You found it on level 4 of the Dungeon)
  1701 | D:4      | Gained mutation: You are mostly covered in slimy green scales (AC +3). [demonic ancestry]
  1701 | D:4      | Reached XP level 5. HP: 29/38 MP: 7/9
  1736 | D:4      | Noticed Natasha
  1745 | D:4      | Killed Natasha
  1806 | D:5      | Entered Level 5 of the Dungeon
  1860 | D:4      | Noticed Natasha
  1865 | D:4      | Killed Natasha
  1994 | D:5      | Found a glowing golden altar of the Shining One.
  2040 | D:5      | Gained mutation: You have sharp toenails. [demonic ancestry]
  2040 | D:5      | Reached XP level 6. HP: 6/44 MP: 1/10
  2055 | D:5      | Learned a level 3 spell: Regeneration
  2192 | D:5      | Found a staircase to the Ecumenical Temple.
  2233 | Temple   | Entered the Ecumenical Temple
  2348 | D:5      | Found a shimmering altar of Xom.
  2379 | D:5      | Found a shattered altar of Ashenzari.
  2385 | D:5      | Became a worshipper of Ashenzari the Shackled
  2424 | D:6      | Reached skill level 5 in Charms
  2426 | D:6      | Gained mutation: You are immune to clouds of flame. [demonic ancestry]
  2426 | D:6      | Reached XP level 7. HP: 42/50 MP: 2/12
  2588 | D:6      | Found a shadowy altar of Dithmenos.
  2758 | D:7      | Reached skill level 1 in Necromancy
  2773 | D:7      | Reached skill level 5 in Axes
  2810 | D:7      | Noticed Prince Ribbit
  3025 | D:7      | Gained mutation: A weak demonic guardian rushes to your aid. [demonic ancestry]
  3025 | D:7      | Reached XP level 8. HP: 48/56 MP: 5/13
  3133 | D:7      | Reached skill level 6 in Charms
  3286 | D:7      | Noticed Joseph
  3527 | D:8      | Noticed Erolcha
  3544 | D:8      | Reached skill level 7 in Axes
  3568 | D:8      | Noticed a cyan ugly thing
  3636 | D:8      | Noticed a troll
  3646 | D:8      | Killed from afar by Erolcha

Action                   |  1- 3 |  4- 6 |  7- 9 || total
-------------------------+-------+-------+-------++-------
Melee: Hand axe          |   116 |   201 |       ||   317
       War axe           |       |    39 |   165 ||   204
 Fire: Hunting sling     |     2 |    23 |       ||    25
 Cast: Infusion          |    10 |    12 |     4 ||    26
       Shroud of Golubri |     1 |     9 |     6 ||    16
       Spectral Weapon   |       |     6 |    23 ||    29
       Regeneration      |       |     3 |     5 ||     8
Evoke: Wand              |       |    10 |    14 ||    24
  Use: Scroll            |     1 |     9 |     6 ||    16
       Potion            |       |     2 |     2 ||     4
 Stab: Distracted        |       |       |     1 ||     1
       Sleeping          |       |       |     1 ||     1
  Eat: Chunk             |       |     4 |     3 ||     7
       Bread ration      |       |     1 |       ||     1
       Beef jerky        |       |       |     4 ||     4
